 Dungeon Crawl Stone Soup version 0.24.0-29-g8ce449bc06 (webtiles) character file.

Game seed: 812790628657896277, levelgen mode: deterministic

10994 Mrkan the Grappler (level 11, -5/111 HPs)
             Began as a Troll Hunter on Nov 16, 2019.
             Was a High Priest of Fedhas.
             Slain by Maurice
             ... wielding the +9 spear of Wunistraum {elec, +Fly MR+}
              (16 damage)
             ... on level 8 of the Dungeon.
             The game lasted 00:20:04 (8247 turns).

Mrkan the Grappler (Troll Hunter)                   Turns: 8247, Time: 00:20:05

Health: -5/111     AC:  5    Str: 22    XL:     11   Next: 43%
Magic:  13/13      EV: 10    Int: 10    God:    Fedhas [*****.]
Gold:   678        SH:  0    Dex: 10    Spells: 10/10 levels left

rFire    + . .     SeeInvis .     - Unarmed
rCold    + . .     Gourm    +   (no shield)
rNeg     . . .     Faith    .   b - +1 robe
rPois    .         Spirit   .   u - +2 hat
rElec    .         Reflect  .   (no cloak)
rCorr    .         Harm     .   (gloves unavailable)
MR       .....                  (boots unavailable)
Stlth    +.........             (no amulet)
HPRegen  0.68/turn              z - ring of protection from fire
MPRegen  0.13/turn              o - ring of protection from cold

@: corroded
A: large, unfitting armour, claws 3, fast metabolism 3, gourmand, regeneration
1, shaggy fur 1, tough skin 3
a: Wall of Briars, Grow Ballistomycete, Overgrow, Grow Oklob, Renounce Religion


You were on level 8 of the Dungeon.
You worshipped Fedhas.
Fedhas was extremely pleased with you.
You were not hungry.

You visited 1 branch of the dungeon, and saw 10 of its levels.

You collected 678 gold pieces.

Inventory:

Missiles
 d - 3 throwing nets (quivered)
 w - 6 javelins
Armour
 b - a +1 robe (worn)
 u - a +2 hat (worn)
Jewellery
 o - a ring of protection from cold (right claw)
 y - an uncursed ring of poison resistance {unknown}
 z - a ring of protection from fire (left claw)
Wands
 a - a wand of paralysis (9)
 k - a wand of iceblast (8)
Scrolls
 g - a scroll of immolation {unknown}
 h - a scroll of random uselessness
 j - a scroll of fear
 l - 2 scrolls of identify
 n - 2 scrolls of teleportation
 p - 2 scrolls of remove curse
 q - a scroll of amnesia
 r - 2 scrolls of enchant weapon
 B - a scroll of noise {unknown}
 C - 2 scrolls of enchant armour
Potions
 e - 3 potions of agility
 s - 3 potions of curing
 t - 2 potions of brilliance
 x - 2 potions of degeneration
 E - a potion of lignification {unknown}
Comestibles
 f - 21 rations


   Skills:
 + Level 8.0 Fighting
 - Level 8.0 Throwing
 - Level 1.5 Dodging
 - Level 0.3 Stealth
 + Level 12.4 Unarmed Combat
 * Level 4.3 Invocations


You had 10 spell levels left.
You didn't know any spells.
Your spell library contained the following spells:

 Spells                   Type           Power        Failure   Level  Hunger
 Animate Skeleton         Necr           N/A          36%         1    ##.....
 Beastly Appendage        Tmut           #.....       36%         1    ##.....
 Confusing Touch          Hex            #.....       36%         1    ##.....
 Pain                     Necr           #...         36%         1    ##.....
 Sticks to Snakes         Tmut           #.......     50%         2    ###....
 Confuse                  Hex            #.......     75%         3    ####...
 Gell's Gravitas          Tloc           #.........   75%         3    ####...
 Regeneration             Chrm/Necr      #.........   75%         3    ####...
 Spider Form              Tmut/Pois      #.........   75%         3    ####...
 Vampiric Draining        Necr           #.........   75%         3    ####...
 Animate Dead             Necr           N/A          98%         4    #####..
 Ice Form                 Ice/Tmut       #.......     98%         4    #####..
 Petrify                  Tmut/Erth      #.......     98%         4    #####..
 Blade Hands              Tmut           #.........   100%        5    ######.
 Metabolic Englaciation   Hex/Ice        #.........   100%        5    ######.
 Yara's Violent Unravell  Hex/Tmut       #.........   100%        5    ######.


Dungeon Overview and Level Annotations

Branches:
Dungeon (10/15)            Temple (0/1) D:7             Orc (0/2) D:10
   Lair: D:8-11

Altars:
Dithmenos
Elyvilon
Fedhas
Makhleb
Okawaru
Qazlal
Trog
Uskayaw
Wu Jian
Xom
Yredelemnul
Zin
The Shining One

Shops:
D:7 *

Annotations:
D:4 2 transporters, DroneFragger's ghost, novice KoHu
D:8 Maurice
D:10 1 runed translucent door, teukkam's ghost, novice MiFi


Innate Abilities, Weirdness & Mutations

You are too large for most types of armour.
You have claws for hands.
Your metabolism is lightning-fast.
You like to eat raw meat.
Your natural rate of healing is unusually fast.
You are covered in fur. (AC +1)
You have extremely tough skin. (AC +3)


Message History

The hungry ghost is severely damaged.
The hungry ghost hits you.
You feel a lot more hungry.
You claw the hungry ghost!
You destroy the hungry ghost!
Fedhas accepts your kill.
You hear a zap.
A bolt of acid appears from out of thin air!
The bolt of acid hits you!!
You are splashed with acid!
You hear a zap.
A bolt of acid appears from out of thin air!
The bolt of acid hits you! The acid corrodes you!
You are splashed with acid!
* * * LOW HITPOINT WARNING * * *
You claw something! Something hits you.
* * * LOW HITPOINT WARNING * * *
Something steals your uncursed ring of resist corrosion!
You miss something. Something hits you!
* * * LOW HITPOINT WARNING * * *
Something steals your 5 large rocks!
You are electrocuted!
You die...
Fedhas appreciates your contribution to the ecosystem.

#.?.....#
#.......#
#........
#.........
#........#.
#.......###.
##...##..#
.. #....##
.#.
#.@...##....
#.{.........
#...##..:...
##.## #..._.
#..##......
#..........
###..##....
#.## ).#
#.##..#


There were no monsters in sight!

Vanquished Creatures
  Erica (D:8)
  2 two-headed ogres (D:10)
  An ugly thing (D:9)
  Joseph (D:8)
  A gargoyle (D:10)
  A troll (D:8)
  Prince Ribbit (D:8)
  Grinder (D:3)
  A hornet (D:8)
  Sigmund (D:2)
  2 hippogriffs
  A wraith (D:10)
  A wyvern (D:9)
  3 hungry ghosts
  4 hogs
  A human (D:7)
  A soldier ant (D:10)
  A water moccasin (D:9)
  5 ice beasts
  3 orc warriors
  A black bear (D:10)
  2 phantoms
  An eye of draining (D:10)
  2 sky beasts
  2 necrophages
  6 centaurs
  5 ogres
  4 bullfrogs
  A gnoll sergeant (D:3)
  2 scorpions
  A water moccasin skeleton (D:9)
  4 wights (D:8)
  12 killer bees (D:8)
  9 howler monkeys
  3 jellies
  4 crimson imps
  A centaur zombie (D:9)
  4 orc priests
  7 hounds
  A bullfrog skeleton (D:7)
  4 iguanas
  6 orc wizards
  6 worker ants
  2 hound skeletons
  A howler monkey zombie (D:7)
  8 gnolls
  12 adders
  4 shadow imps
  An ooze (D:7)
  An adder skeleton (D:4)
  4 worms
  6 dart slugs
  5 leopard geckos
  44 orcs
  2 ball pythons (D:4)
  4 giant cockroaches
  18 goblins
  5 hobgoblins
  3 jackals (D:1)
  11 kobolds
  4 quokkas
  7 bats
  2 frilled lizards
  A jackal skeleton (D:6)
  14 rats
280 creatures vanquished.

Notes
Turn   | Place    | Note
-------+----------+-------------------------------------------
     0 | D:1      | Mrkan the Troll Hunter began the quest for the Orb.
     0 | D:1      | Reached XP level 1. HP: 19/19 MP: 0/0
    71 | D:1      | Reached skill level 1 in Unarmed Combat
    79 | D:1      | Reached XP level 2. HP: 28/28 MP: 1/1
   225 | D:1      | Reached skill level 2 in Unarmed Combat
   254 | D:1      | Reached XP level 3. HP: 35/35 MP: 2/2
   575 | D:2      | Found a glowing golden altar of the Shining One.
   575 | D:2      | Found a blossoming altar of Fedhas.
   665 | D:2      | Became a worshipper of Fedhas Madash
   760 | D:2      | Reached skill level 3 in Unarmed Combat
   760 | D:2      | Reached XP level 4. HP: 43/44 MP: 3/3
  1122 | D:2      | Noticed Sigmund
  1140 | D:2      | Killed Sigmund
  1140 | D:2      | Reached skill level 4 in Unarmed Combat
  1140 | D:2      | Reached XP level 5. HP: 28/53 MP: 4/4
  1140 | D:2      | Reached XP level 6. HP: 32/61 MP: 5/5
  1176 | D:2      | Reached * piety under Fedhas
  1437 | D:3      | Reached skill level 5 in Unarmed Combat
  1531 | D:3      | Noticed Grinder
  1532 | D:3      | Paralysed by Grinder for 6 turns
  1562 | D:3      | Killed Grinder
  1597 | D:3      | Reached XP level 7. HP: 61/68 MP: 6/6
  1715 | D:3      | Reached ** piety under Fedhas
  1715 | D:3      | Reached skill level 6 in Unarmed Combat
  1993 | D:4      | Found a transporter.
  1997 | D:4      | Noticed DroneFragger's ghost (novice KoHu)
  2051 | D:4      | Found a bloodstained altar of Trog.
  2089 | D:4      | Found a stormy altar of Qazlal.
  2108 | D:4      | Found a transporter.
  2715 | D:5      | Entered Level 5 of the Dungeon
  2831 | D:5      | Reached skill level 7 in Unarmed Combat
  2951 | D:5      | Reached XP level 8. HP: 76/79 MP: 7/7
  2964 | D:5      | Found an iron altar of Okawaru.
  2983 | D:5      | Found an ornate altar of the Wu Jian Council.
  2989 | D:5      | Found a burning altar of Makhleb.
  2989 | D:5      | Found a white marble altar of Elyvilon.
  3340 | D:6      | Reached *** piety under Fedhas
  3420 | D:6      | Found a basalt altar of Yredelemnul.
  3465 | D:6      | Reached skill level 5 in Fighting
  3465 | D:6      | Reached skill level 5 in Throwing
  3465 | D:6      | Reached skill level 8 in Unarmed Combat
  3528 | D:6      | Noticed a hippogriff
  3535 | D:6      | Killed a hippogriff
  4065 | D:7      | Found a glowing silver altar of Zin.
  4126 | D:7      | Reached XP level 9. HP: 88/88 MP: 8/8
  4130 | D:7      | Found a staircase to the Ecumenical Temple.
  4144 | D:7      | Reached skill level 9 in Unarmed Combat
  4285 | D:7      | Found a hide-covered altar of Uskayaw.
  4291 | D:7      | HP: 4/89 [hound (6)]
  4293 | D:7      | Found Udgheb's Assorted Antiques.
  4320 | D:7      | HP: 2/89 [hound (6)]
  4781 | D:7      | Reached skill level 10 in Unarmed Combat
  4980 | D:7      | Reached **** piety under Fedhas
  4991 | D:8      | Noticed Joseph
  5007 | D:8      | Killed Joseph
  5248 | D:8      | Noticed a troll
  5266 | D:8      | Reached XP level 10. HP: 88/100 MP: 9/9
  5270 | D:8      | Noticed Erica
  5302 | D:8      | Killed Erica
  5302 | D:8      | Reached skill level 11 in Unarmed Combat
  5394 | D:8      | Noticed Maurice
  5394 | D:8      | Noticed a two-headed ogre
  6046 | D:9      | Noticed a green ugly thing
  6060 | D:9      | Killed a green ugly thing
  6448 | D:10     | Entered Level 10 of the Dungeon
  6522 | D:10     | Reached skill level 12 in Unarmed Combat
  6535 | D:10     | Reached ***** piety under Fedhas
  6647 | D:10     | Found a runed translucent door.
  6648 | D:10     | Found a shimmering altar of Xom.
  6648 | D:10     | Noticed teukkam's ghost (novice MiFi)
  6648 | D:10     | Noticed a +2 long sword of chaos
  6745 | D:10     | Reached skill level 1 in Invocations
  6797 | D:10     | Found a staircase to the Orcish Mines.
  6898 | D:10     | Reached XP level 11. HP: 99/109 MP: 10/10
  7058 | D:10     | Noticed a two-headed ogre
  7067 | D:10     | Killed a two-headed ogre
  7457 | D:10     | Noticed a two-headed ogre
  7462 | D:10     | Killed a two-headed ogre
  8199 | D:8      | Noticed Prince Ribbit
  8213 | D:8      | Identified the +9 spear of Wunistraum {elec, +Fly MR+}
  8220 | D:8      | Killed Prince Ribbit
  8231 | D:8      | Found a shadowy altar of Dithmenos.
  8247 | D:8      | Slain by Maurice

Levels and vault maps discovered:
D:1:      minmay_arrival_jagged, layout_rooms
D:2:      layout_loops_ring, gammafunk_temple_overflow_elements, first_ration,
          chequers_serial_rivers_room_a, minmay_pentomino_o2, uniq_sigmund
D:3:      layout_rooms, uniq_grinder
D:4:      layout_rooms, bloody_trog, kennysheep_mini_moat,
          gammafunk_ghost_stat_death, lightli_minifort
D:5:      layout_basic, grunt_temple_overflow_open, overflow_temple_1_default
D:6:      layout_loops_ring, yredelemnul_altar_generic
D:7:      layout_loops_ring, eat_drink_and_be_merry_uskayaw, zin_academy,
          minmay_temple_entry_tees, serial_shops, shop_statue, grunt_livestock
D:8:      layout_basic, nicolae_dithmenos_shadow_blocks, uniq_prince_ribbit1,
          uniq_maurice, uniq_joseph, uniq_erica
D:9:      layout_basic
D:10:     layout_gridville, hiddenorc1_lemuel, ebering_ghost_xom

Skill      XL: |  1  2  3  4  5  6  7  8  9 10 11 |
---------------+----------------------------------+-----
Unarmed Combat | 1 2 3 4 5 7 8 10 12 | 12.4
Fighting       | 2 3 4 5 6 7 8 |  8.0
Throwing       | 4 5 6 7 8 |  8.0
Invocations    | 1 4 |  4.3
Dodging        | |  1.5
Stealth        | |  0.3

Action                   |  1- 3 |  4- 6 |  7- 9 | 10-12 || total
-------------------------+-------+-------+-------+-------++-------
Melee: Unarmed           |   104 |   119 |   398 |   361 ||   982
       Punch             |       |       |     6 |    14 ||    20
  Use: Scroll            |       |       |    16 |     1 ||    17
       Potion            |       |       |     1 |     5 ||     6
 Stab: Sleeping          |       |       |     1 |       ||     1
  Eat: Chunk             |    12 |     6 |    32 |    42 ||    92
Armor: Robe              |    61 |    56 |   129 |   122 ||   368
Dodge: Dodged            |    75 |    57 |   157 |   174 ||   463
